Map: Alcyone LE

Players

A.I. 1 (Very Easy) - Winner!

  • Race: Terran Terran
  • Spawn Location: 7:00

PhObOPhObiA

  • Race: Protoss Protoss
  • League: Platinum
  • Spawn Location: 1:00

VOD

Have the link to the VOD?

Description

https://old.reddit.com/r/allthingsprotoss/comments/1ak0tzx/fastest_and_hardest_3_gate_blink/

Time

  • Played on: Jan. 25, 2024, 2:46 p.m.
  • Length: 4:48
Show
View Real Time Build Order
Export as new Build Order

A.I. 1 (Very Easy) Terran - Winner!

Build Orders:  

Get SALT Encoding   

  12  0:00  SCV  
  13  0:13  SCV  
  14  0:18  Supply Depot  
  14  0:37  Refinery  
  14  0:42  Barracks  
  14  1:03  Supply Depot  
  14  1:11  Refinery  
  14  1:29  Orbital Command, Marine  
  15  1:54  SCV  
  16  2:07  SCV  
  17  2:13  Marine  
  18  2:19  SCV  
  19  2:31  SCV  
  20  2:43  SCV  
  21  2:55  SCV  
  21  2:57  Barracks Tech Lab  
  22  3:19  Marauder  
Show
View Real Time Build Order
Export as new Build Order

PhObOPhObiA Protoss 

Build Orders: 1 Gate Expand, Blink Stalkers 

Get SALT Encoding   

  12  0:00  Probe  
  13  0:12  Probe  
  14  0:17  Pylon  
  14  0:24  Probe  
  15  0:36  Gateway, Probe  
  16  0:48  Probe  
  17  1:06  Nexus  
  17  1:11  Assimilator  
  17  1:15  Probe  
  18  1:24  Cybernetics Core  
  18  1:27  Probe (Chrono Boost)  
  18  1:32  Assimilator  
  19  1:39  Probe (Chrono Boost)  
  20  1:42  Pylon  
  20  1:45  Probe (Chrono Boost)  
  21  1:54  Probe  
  21  1:58  Adept (Chrono Boost)  
  21  2:01  Warp Gate  
  24  2:06  Probe (Chrono Boost)  
  26  2:16  Probe (Chrono Boost)  
  26  2:20  Stalker, Probe x2 (Chrono Boost)  
  30  2:30  Probe  
  30  2:32  Probe  
  32  2:37  Twilight Council  
  32  2:42  Probe  
  33  2:44  Probe  
  33  2:48  Robotics Facility  
  34  2:54  Probe  
  35  2:58  Gateway  
  35  3:00  Probe  
  36  3:06  Probe  
  36  3:08  Blink (Chrono Boost)  
  36  3:12  Probe  
  38  3:19  Gateway, Probe  
  39  3:21  Stalker (Chrono Boost)  
  39  3:26  Probe  
  42  3:30  Pylon  
  42  3:39  Warp Prism  
  44  3:41  Probe  
  44  3:43  Probe  
  46  3:52  Stalker x2  
  50  3:58  Pylon  
  50  4:00  Assimilator  
  50  4:02  Probe x2  
  52  4:14  Probe  
  52  4:16  Stalker x3  
  59  4:21  Pylon  
  59  4:25  Probe  
  60  4:39  Stalker x3  
Tags
 
Composition
Blink Stalkers
League
Platinum
Matchup
PvT
Spawn Locations
Cross Positions
Add a new tag
Caveats
  • Supply blocks, unpowered buildings, or Contaminate may cause inaccurate times.
  • Supply counts are checked every 10 seconds.